 Dungeon Crawl Stone Soup version 0.30-a0-377-g5cb311bc9f (webtiles) character file.

Game seed: 7851086001594412853

1732 funkygono the Magician (level 8, -2/53 HPs)
             Began as a Demonspawn Fire Elementalist on Nov 28, 2022.
             Slain by a troll (9 damage)
             ... on level 5 of the Dungeon.
             The game lasted 00:09:20 (5237 turns).

funkygono the Magician (DsFE)                       Turns: 5237, Time: 00:09:21

Health: -2/53      AC:  4    Str:  8    XL:     8   Next: 76%
Magic:  0/18       EV: 12    Int: 19    God:
Gold:   260        SH:  0    Dex: 14    Spells: 10/20 levels left

rFire   . . .      SeeInvis .    f - +0 whip (elec)
rCold   . . .      Faith    .    (no shield)
rNeg    . . .      Spirit   +    a - +0 robe
rPois   .          Reflect  .    (helmet restricted)
rElec   .          Harm     .    s - +1 cloak
rCorr   .          Rampage  .    (no gloves)
Will    .....                    (no boots)
Stlth   ++........               (no amulet)
HPRegen 0.28/turn                (no ring)
MPRegen 0.32/turn                (no ring)

@: no status effects
A: antennae 1, claws 1, hooves 2, demonic guardian 1, magic shield, magic
regeneration
a: no special abilities


You were on level 5 of the Dungeon.
You visited 1 branch of the dungeon, and saw 5 of its levels.

You collected 260 gold pieces.

Inventory:

Hand Weapons
 d - a +0 short sword
 f - a +0 whip of electrocution (weapon)
 i - a +2 dagger of draining
 l - a +1 whip of venom
 r - a +2 quarterstaff of chaos
Armour
 a - a +0 robe (worn)
 n - a +0 helmet
 s - a +1 cloak (worn)
Wands
 p - a wand of iceblast (13)
Scrolls
 m - a scroll of blinking {unknown}
Potions
 b - a potion of magic
 c - 2 potions of invisibility
 e - 2 potions of flight
 g - a potion of might {unknown}
 h - 3 potions of mutation
 j - a potion of cancellation {unknown}
 k - a potion of haste {unknown}
 o - 3 potions of curing
 q - a potion of brilliance
 t - a potion of attraction {unknown}
 u - 2 potions of lignification {unknown}


   Skills:
 + Level 0.9 Fighting
 + Level 0.1 Maces & Flails
 + Level 2.7 Dodging
 - Level 1.7 Stealth
 + Level 6.9 Spellcasting
 + Level 5.2 Conjurations
 + Level 6.4 Fire Magic


You had 10 spell levels left.
You knew the following spells:

 Your Spells              Type           Power      Damage    Failure   Level
a - Foxfire               Conj/Fire      100%       2x1d9     1%          1
b - Scorch                Fire           60%        2d8       1%          2
c - Kindle Blastsparks    Fire/Tloc/Air  28%        2d12      13%         3
d - Flame Wave            Conj/Fire      28%        2d9       10%         4

Your spell library contained the following spells:

 Spells                   Type           Power      Damage    Failure   Level
 Magic Dart               Conj           100%       1d8       1%          1
 Searing Ray              Conj           52%        2d6       1%          2
 Inner Flame              Hex/Fire       18%        N/A       9%          3
 Cigotuvi's Dreadful Rot  Necr/Pois/Air  12%        N/A       16%         2
 Fulminant Prism          Conj/Hex       8%         3d7       34%         4
 Dispel Undead            Necr           6%         3d8       71%         4
 Death Channel            Necr           3%         N/A       100%        6


Dungeon Overview and Level Annotations

Branches:
Dungeon (5/15)
 Temple: D:4-7

Altars:
Xom

Shops:
D:3 *


Innate Abilities, Weirdness & Mutations

You have a pair of small antennae on your head.
You have sharp fingernails.
You have hoof-like feet.
A weak demonic guardian rushes to your aid.
When hurt, damage is shared between your health and your magic reserves.
You regenerate magic rapidly.


Message History

Confirm with . or Enter, or press ? or * to list all spells.
You conjure some foxfire!
The foxfire hits the phantom.
The phantom is severely damaged.
The phantom closely misses you.
Unknown command.
Casting: Foxfire (safe; 1% risk of failure)
Confirm with . or Enter, or press ? or * to list all spells.
Flames lash the troll.
The troll is lightly wounded.
The troll's fire resistance burns away.
The foxfire hits the phantom.
The phantom is severely damaged.
The foxfire hits the phantom.
The phantom is almost destroyed.
The foxfire hits the phantom but does no damage.
The phantom is almost destroyed.
The phantom barely misses you.
Casting: Scorch (safe; 1% risk of failure)
Confirm with . or Enter, or press ? or * to list all spells.
You conjure some foxfire!
The troll bites you! The troll claws you.
The troll claws you but does no damage. The phantom hits you!
A demonic guardian appears!
Casting: Foxfire (safe; 1% risk of failure)
Confirm with . or Enter, or press ? or * to list all spells.
You don't have enough magic to cast this spell.
Unknown command.
The troll attacks as you move away! The troll bites you! The troll claws you.
The troll closely misses you.
The foxfire hits the phantom!
You destroy the phantom!
The foxfire hits the troll.
The troll is burned terribly!
The troll is lightly wounded.
Your ufetubus hits the troll.
Your ufetubus barely misses the troll.
Casting: Foxfire (safe; 1% risk of failure)
Confirm with . or Enter, or press ? or * to list all spells.
You conjure some foxfire!
The troll is no longer more vulnerable to fire.
Your ufetubus closely misses the troll.
Your ufetubus hits the troll. The troll bites you!
* * * LOW HITPOINT WARNING * * *
A demonic guardian appears!
The troll claws you!
You die...

........#.................#......
........#.....###########.#......
........'.....+.........#.#......
######.##.....#########.#.#....##
.......................)..+....÷.
##...#####...##.#######.#.#....##
.....+...'...'............+....+.
.....#####...#.v5.....#.#.#....##
.....# #...#..@.....#.#..####..
.....# #...#.T.v....'.##..# #..
.....# #####5.......#####.# #.†
.....# #.)######## ##+###..
.....# #..## #....).. .....# #..
####...)... ..#### ..#
........... ....# ... ##.......
))..# ...# ..##.......


You could see a troll (ally target), a friendly white imp (summoned) and a
friendly ufetubus (summoned).

Vanquished Creatures
  2 water moccasins
  An ice beast (D:5)
  An ogre (D:5)
  A phantom (D:5)
  Blork the orc (D:3)
  A kobold brigand (D:4)
  A necrophage (D:5)
  3 scorpions
  A howler monkey (D:4)
  2 orc priests
  5 hounds
  Crazy Yiuf (D:3)
  A gnoll bouda (D:5)
  Ijyb (D:3)
  Terence (D:3)
  Jessica (D:2)
  3 iguanas (D:5)
  5 orc wizards
  Robin (D:2)
  12 gnolls
  7 adders
  2 white imps (D:5)
  2 worms (D:2)
  2 dart slugs
  10 orcs
  3 ball pythons
  3 endoplasms
  7 giant cockroaches
  14 goblins
  8 hobgoblins
  8 jackals
  7 kobolds
  3 quokkas
  8 bats
  3 frilled lizards
  2 rats
134 creatures vanquished.

Vanquished Creatures (collateral kills)
  2 foxfires (D:3)
2 creatures vanquished.

Vanquished Creatures (others)
  474 foxfires
474 creatures vanquished.

Grand Total: 610 creatures vanquished

Notes
Turn   | Place    | Note
-------+----------+-------------------------------------------
     0 | D:1      | funkygono the Demonspawn Fire Elementalist began the quest
                  | for the Orb.
     0 | D:1      | Reached XP level 1. HP: 13/13 MP: 3/3
   274 | D:1      | Gained mutation: You regenerate magic rapidly. [demonic
                  | ancestry]
   274 | D:1      | Reached XP level 2. HP: 17/19 MP: 1/5
   277 | D:1      | Learned a level 2 spell: Scorch
  1050 | D:2      | Discovered your monstrous ancestry.
  1050 | D:2      | Gained mutation: You have large cloven feet. [demonic
                  | ancestry]
  1050 | D:2      | Reached XP level 3. HP: 24/24 MP: 3/6
  1054 | D:2      | Learned a level 3 spell: Kindle Blastsparks
  1224 | D:1      | Gained mutation: A weak demonic guardian rushes to your
                  | aid. [demonic ancestry]
  1224 | D:1      | Reached XP level 4. HP: 28/30 MP: 1/8
  1376 | D:2      | Noticed Jessica
  1398 | D:2      | Killed Jessica
  1612 | D:2      | Gained mutation: You have sharp fingernails. [demonic
                  | ancestry]
  1612 | D:2      | Reached XP level 5. HP: 35/35 MP: 4/9
  1904 | D:3      | Found Hucloh's Assorted Antiques.
  1909 | D:3      | Noticed Robin
  1992 | D:2      | Killed Robin
  2149 | D:3      | Noticed Terence
  2189 | D:3      | Killed Terence
  2508 | D:3      | Found a shimmering altar of Xom.
  2509 | D:3      | Found a shimmering altar of Xom.
  2509 | D:3      | Found a shimmering altar of Xom.
  2509 | D:3      | Found a shimmering altar of Xom.
  2510 | D:3      | Found a shimmering altar of Xom.
  2710 | D:3      | Noticed Ijyb
  2718 | D:3      | Killed Ijyb
  2754 | D:3      | Found a faded altar of an unknown god.
  2821 | D:3      | Gained mutation: You have hoof-like feet. [demonic
                  | ancestry]
  2821 | D:3      | Reached XP level 6. HP: 41/42 MP: 2/11
  3091 | D:3      | Found a runed translucent door.
  3092 | D:3      | Noticed Crazy Yiuf
  3346 | D:3      | Killed Crazy Yiuf
  3352 | D:3      | Identified the +8 hammer "Cuasog" {holy, Int+6}
  3590 | D:4      | Noticed a water moccasin
  3598 | D:4      | Killed a water moccasin
  3604 | D:4      | Learned a level 4 spell: Flame Wave
  3664 | D:4      | Gained mutation: When hurt, damage is shared between your
                  | health and your magic reserves. [demonic ancestry]
  3664 | D:4      | Reached XP level 7. HP: 47/47 MP: 6/13
  3906 | D:4      | Noticed Blork the orc
  3919 | D:3      | Killed Blork the orc
  3920 | D:3      | Reached skill level 5 in Fire Magic
  4022 | D:4      | Reached skill level 5 in Spellcasting
  4371 | D:5      | Entered Level 5 of the Dungeon
  4560 | D:5      | Gained mutation: You have a pair of small antennae on your
                  | head. [demonic ancestry]
  4560 | D:5      | Reached XP level 8. HP: 53/53 MP: 8/16
  4895 | D:5      | Reached skill level 5 in Conjurations
  5230 | D:5      | Noticed a troll
  5237 | D:5      | Slain by a troll

Illustrated notes

Levels and vault maps discovered:
D:1:      enne_arrival_octagon_isle, layout_basic
D:2:      layout_rooms, uniq_jessica
D:3:      layout_loops_corners, xom_redecorated, serial_shops, shop,
          hellmonk_ecumenical_altar_arch_garden, st_stairs_11, moated_statue,
          reono_crystal_passage, cheibrodos_gnoll_hut, uniq_crazy_yiuf_cottage,
          uniq_robin, uniq_terence, uniq_ijyb
D:4:      layout_basic, uniq_blork_the_orc
D:5:      cheibrodos_fzero, layout_basic, corexii_corridor_pit,
          grunt_ministairs_8

Skill      XL: |  1  2  3  4  5  6  7  8 |
---------------+-------------------------+-----
Fire Magic     | 3 4 5 6 |  6.4
Conjurations   | 2 3 4 5 |  5.2
Spellcasting   | 3 4 5 6 |  6.9
Dodging        | 2 |  2.7
Fighting       | |  0.9
Maces & Flails | |  0.1
Stealth        | |  1.7

Action                   |  1- 3 |  4- 6 |  7- 9 || total
-------------------------+-------+-------+-------++-------
Melee: Whip              |     5 |     8 |     4 ||    17
       Punch             |     1 |       |       ||     1
       Kick              |       |     3 |       ||     3
 Cast: Foxfire           |    56 |   108 |   119 ||   283
       Scorch            |     3 |    23 |    29 ||    55
       Kindle Blastspark |     1 |       |       ||     1
  Use: Scroll            |       |     9 |     2 ||    11
Armor: Robe              |     8 |    11 |     6 ||    25
Dodge: Dodged            |    27 |    39 |    19 ||    85

Table legend: (Time is in decaauts)
 A = Elapsed time spent in this place.
 B = Non-inter-level travel time spent in this place.
 C = Inter-level travel time spent in this place.
 D = Time resting spent in this place.
 E = Time spent auto-exploring this place.
 F = Levels seen in this place.
 G = Mean time per level.
                   A        B        C        D        E       F      G
               +--------+--------+--------+--------+--------+-----+--------+
         Total |   5245 |   5115 |    130 |    100 |   4001 |   5 | 1049.0 |
       Dungeon |   5245 |   5115 |    130 |    100 |   4001 |   5 | 1049.0 |
               +--------+--------+--------+--------+--------+-----+--------+

Top non-repeatable levels by time:
     D:3: 1575 daAuts
     D:2: 1058 daAuts
     D:1: 1023 daAuts
     D:5: 865 daAuts
     D:4: 722 daAuts
